 Dungeon Crawl Stone Soup version 0.31.0-1-g2c135a0 (webtiles) character file.

Game seed: 117248624269081028

469 aaaaa123 the Ducker (level 6, -1/52 HPs)
             Began as a Minotaur Gladiator on Apr 12, 2024.
             Was an Initiate of Ashenzari.
             Killed from afar by an electric eel (15 damage)
             ... with a bolt of electricity
             ... on level 6 of the Dungeon.
             The game lasted 00:09:11 (1397 turns).

aaaaa123 the Ducker (Minotaur Gladiator)            Turns: 1397, Time: 00:09:12

Health: -1/52      AC:  3    Str: 20    XL:     6   Next: 82%
Magic:  5/5        EV: 13    Int:  5    God:    Ashenzari [......]
Gold:   85         SH:  0    Dex: 12    Spells: 5/5 levels left

rFire   . . .        l - +1 trident (protect)
rCold   . . .        (no shield)
rNeg    . . .        b - +0 leather armour
rPois   .            c - +0 hat
rElec   .            (no cloak)
rCorr   .            (no gloves)
SInv    .            (no boots)
Will    .....        (no amulet)
Stlth   +            (no ring)
HPRegen 0.28/turn    (no ring)
MPRegen 0.09/turn

%: no passive effects
@: no status effects
A: horns 2, retaliatory headbutt
a: Renounce Religion


You were on level 6 of the Dungeon.
You worshipped Ashenzari.
Ashenzari was noncommittal.
You visited 2 branches of the dungeon, and saw 7 of its levels.

You collected 85 gold pieces.

Inventory:

Hand Weapons
 a - a +1 rapier
 i - a +0 dagger
 l - a +1 trident of protection (weapon)
 o - a +0 dagger
Missiles
 d - 3 throwing nets (quivered)
 e - a javelin
 k - 2 stones
Armour
 b - a +0 leather armour (worn)
 c - a +0 hat (worn)
Jewellery
 f - an amulet of guardian spirit
Talismans
 h - a flux talisman
Wands
 j - a wand of iceblast (9)
Potions
 g - a potion of heal wounds


   Skills:
 + Level 4.0 Fighting
 + Level 4.7 Short Blades
 + Level 2.1 Throwing
 + Level 4.7 Armour
 + Level 5.4 Dodging


You had 5 spell levels left.
You didn't know any spells.
Your spell library was empty.

Dungeon Overview and Level Annotations

Branches:
Dungeon (6/15)             Temple (1/1) D:5

Altars:
Ashenzari
Cheibriados
Dithmenos
Elyvilon
Fedhas
Hepliaklqana
Kikubaaqudgha
Makhleb
Nemelex Xobeh
Okawaru
Qazlal
Ru
Sif Muna
Trog
Uskayaw
Vehumet
Wu Jian
Xom
Yredelemnul
Zin
The Shining One


Innate Abilities, Weirdness & Mutations

You have a pair of horns on your head.
You reflexively headbutt those who attack you in melee.


Message History

Your +1 trident of protection hums with potential!
l - a +1 trident of protection (weapon)
There is an open door here.
You enter the shallow water.
Moving in this stuff is going to be slow.
You open the door.
There is an open door here.
You enter the shallow water.
Moving in this stuff is going to be slow.
You open the door.
There is an open door here.
There is an open door here.
There is an open door here.
Key pressed, stopping explore.
Key pressed, stopping explore.
Key pressed, stopping explore.
An electric eel comes into view.
Found a potion of heal wounds.
An electric eel is nearby!
An electric eel is nearby!
An electric eel is nearby!
An electric eel is nearby!
An electric eel is nearby!
An electric eel is nearby!
The electric eel shoots out a bolt of lightning at you!
The bolt of electricity hits you!
An electric eel comes into view.
The electric eel shoots out a bolt of lightning at you!
The bolt of electricity hits you!
You see here a potion of heal wounds.
The electric eel shoots out a bolt of lightning at you!
The bolt of electricity misses you.
The electric eel shoots out a bolt of lightning at you!
The bolt of electricity hits you!
The electric eel shoots out a bolt of lightning at you!
The bolt of electricity hits you!
* * * LOW HITPOINT WARNING * * *
The electric eel shoots out a bolt of lightning at you!
The bolt of electricity hits you!
You die...

.... ≈≈. #≈. .≈
#≈.## .≈###≈..#
.≈≈≈≈S..#
........#########
.≈≈S≈≈...@......#
.≈###≈..##.####.#
#≈.!##.#
.≈###≈..##.###
.≈≈≈≈≈.......#
........##.#.# #
≈.≈≈
≈≈.≈≈≈≈≈..##.#.# .#
≈.≈#
#≈.≈###≈..##.#.##.#
≈.≈ #≈.≈#
#≈.###......#


You could see 2 electric eels.

Vanquished Creatures
  An ice beast (D:6)
  An ogre (D:5)
  A centaur (D:5)
  2 hounds
  A sleepcap (D:4)
  2 iguanas (D:6)
  2 adders (D:2)
  A shadow imp (D:5)
  A white imp (D:5)
  3 ribbon worms
  2 orcs
  3 ball pythons
  An endoplasm (D:4)
  2 giant cockroaches (D:2)
  3 goblins
  2 hobgoblins
  3 jackals
  A quokka (D:4)
  3 bats
  A frilled lizard (D:3)
  4 kobolds
  4 rats
44 creatures vanquished.

Notes
Turn   | Place    | Note
-------+----------+-------------------------------------------
     0 | D:1      | aaaaa123 the Minotaur Gladiator began the quest for the
                  | Orb.
     0 | D:1      | Reached XP level 1. HP: 18/18 MP: 0/0
   148 | D:2      | Reached XP level 2. HP: 16/25 MP: 1/1
   243 | D:2      | Found a faded altar of an unknown god.
   340 | D:2      | Reached XP level 3. HP: 20/31 MP: 2/2
   457 | D:3      | Reached skill level 4 in Dodging
   543 | D:4      | Reached XP level 4. HP: 14/38 MP: 3/3
   648 | D:5      | Entered Level 5 of the Dungeon
   648 | D:5      | Found a burning altar of Makhleb.
   648 | D:5      | Found an ancient bone altar of Kikubaaqudgha.
   648 | D:5      | Found a sacrificial altar of Ru.
   653 | D:5      | Found a glowing golden altar of the Shining One.
   653 | D:5      | Found a stormy altar of Qazlal.
   660 | D:5      | Found a snail-covered altar of Cheibriados.
   660 | D:5      | Found a white marble altar of Elyvilon.
   676 | D:5      | Became a worshipper of Makhleb the Destroyer
   703 | D:5      | Fell from the grace of Makhleb
   710 | D:5      | Became a worshipper of Makhleb the Destroyer
   772 | D:5      | Found a staircase to the Ecumenical Temple.
   784 | D:5      | Noticed an ogre
   796 | D:5      | Killed an ogre
   797 | D:5      | Reached XP level 5. HP: 36/45 MP: 4/4
   807 | Temple   | Entered the Ecumenical Temple
   818 | Temple   | Fell from the grace of Makhleb
   818 | Temple   | Became a worshipper of Ashenzari the Shackled
   908 | D:5      | Noticed a centaur
   916 | D:5      | Killed a centaur
   917 | D:5      | Reached XP level 6. HP: 46/51 MP: 5/5
   922 | D:5      | Reached skill level 5 in Dodging
  1186 | D:6      | Noticed an ice beast
  1196 | D:6      | Killed an ice beast
  1397 | D:6      | Killed from afar by an electric eel

Illustrated notes

Levels and vault maps discovered:
D:1:      minmay_arrival_glassed_features, layout_rooms
D:2:      layout_basic, serial_shops, nicolae_shop_window_shopping,
          shapermc_ecumenical_altar_pompeii
D:3:      cheibrodos_pilgrimage, layout_basic, serial_curves, eino_curves_01,
          eino_curves_02, st_stairs_10, kennysheep_orc_chapel, uniq_natasha
D:4:      layout_basic, marbit_many_paths, serial_shops, nicolae_lakefront_shop,
          due_unseen_surprise
D:5:      gammafunk_cloud_chamber, layout_rooms, grunt_temple_overflow_open,
          minmay_temple_entry_tees, uniq_duvessa
D:6:      layout_loops_corners, kennysheep_flooded_box, hangedman_decor_push,
          kennysheep_boxes
Temple:   minmay_temple_curvy_branch

Skill      XL: |  1  2  3  4  5  6 |
---------------+-------------------+-----
Fighting       | 3 4 |  4.0
Dodging        | 4 5 |  5.4
Armour         | 2 3 4 |  4.7
Short Blades   | 4 |  4.7
Throwing       | |  2.1

Action                     |  1- 3 |  4- 6 || total
---------------------------+-------+-------++-------
  Melee: Rapier            |    59 |    56 ||   115
         Headbutt          |    15 |    12 ||    27
  Throw: Throwing net      |       |     1 ||     1
 Invoke: Renounce Religion |       |     1 ||     1
    Use: Scroll            |       |     4 ||     4
         Potion            |       |     3 ||     3
 Armour: Leather armour    |    66 |    38 ||   104
  Dodge: Dodged            |    58 |    64 ||   122
